 Dungeon Crawl Stone Soup version 0.18-a0-1468-gaf180a1 (webtiles) character file.

19919 glosham the Cleaver (level 12, -11/98 HPs)
             Began as a Mummy Arcane Marksman on Feb 29, 2016.
             Was a High Priest of Makhleb.
             Mangled by a cacodemon (14 damage)
             ... summoned by the player character
             ... in a labyrinth on Mar 1, 2016.
             The game lasted 03:53:05 (14164 turns).

glosham the Cleaver (Mummy Arcane Marksman)        Turns: 14164, Time: 03:53:05

Health: -11/98     AC: 10    Str: 18    XL:     12   Next: 40%
Magic:  19/19      EV: 14    Int: 13    God:    Makhleb [*****.]
Gold:   888        SH:  3    Dex: 12    Spells: 1 memorised, 12 levels left

rFire  x . .     SeeInvis +     a - +1 war axe (venom)
rCold  + + +     Gourm    .     X - +1 leather armour of the Grue {rC++ MR+ Regen+ Stlth-}
rNeg   + + +     Faith    .     (no shield)
rPois  ∞         Spirit   .     (no helmet)
rElec  .         Dismiss  .     Y - +2 cloak
rCorr  .         Reflect  +     (no gloves)
SustAt .         Harm     .     W - +2 pair of boots
MR     ++...                    z - +3 amulet of reflection
Stlth  +.........               B - ring of see invisible
                                A - ring of stealth

@: very resistant to hostile enchantments, very unstealthy
A: no food or potions, fire vulnerability, cold resistance 1, negative energy
resistance 3, torment resistance, unbreathing
a: Minor Destruction, Lesser Servant of Makhleb, Major Destruction, Greater
Servant of Makhleb, Renounce Religion


You were in a labyrinth.
You worshipped Makhleb.
Makhleb was extremely pleased with you.
You were not hungry.

You visited 4 branches of the dungeon, and saw 16 of its levels.
You also visited: Labyrinth.

You collected 888 gold pieces.

Inventory:

Hand Weapons
 a - a +1 war axe of venom (weapon)
 b - a +1 war axe of flaming
 c - a +0 blowgun
 d - a +0 battleaxe
 e - a +5 trident
Missiles
 f - 80 poisoned needles
 m - 7 needles of sleeping
Armour
 T - a +1 ring mail of cold resistance
 W - a +2 pair of boots (worn)
 X - the +1 leather armour of the Grue (worn) {rC++ MR+ Regen+ Stlth-}
   (You found it on level 10 of the Dungeon)

   It greatly protects you from cold.
   It affects your resistance to hostile enchantments.
   It increases your rate of regeneration.
   It makes you less stealthy.
 Y - a +2 cloak (worn)
 Z - a +0 buckler
Magical Staves
 u - an uncursed staff of cold
 v - an uncursed staff of conjuration {unknown}
Jewellery
 z - a +3 amulet of reflection (around neck)
 A - a ring of stealth (left hand)
 B - a ring of see invisible (right hand)
 C - an uncursed ring of protection from cold
 R - an uncursed ring of resist corrosion
Wands
 g - a wand of heal wounds (4/9)
 h - a wand of lightning (1/15)
 i - a wand of acid (6/15)
 j - a wand of confusion (20/48)
 q - a wand of polymorph (4/24)
 w - a wand of lightning (9/15)
Scrolls
 k - 3 scrolls of teleportation
 l - 2 scrolls of fear
 n - 3 scrolls of enchant armour
 o - 2 scrolls of remove curse
 p - 4 scrolls of identify
 r - a scroll of amnesia
Miscellaneous
 s - a lamp of fire (inert)


   Skills:
 * Level 10.4 Fighting
 - Level 10.5 Axes
 - Level 1.5 Throwing
 - Level 2.2 Armour
 + Level 5.5 Dodging
 - Level 1.0 Spellcasting
 - Level 2.6 Hexes
 * Level 10.0 Invocations


You had 12 spell levels left.
You knew the following spells:

 Your Spells              Type           Power        Failure   Level  Hunger
z - Corona                Hex            #......      14%         1    N/A

Dungeon Overview and Level Annotations

Branches:
Dungeon (11/15)            Temple (1/1) D:4            Lair (3/8) D:11
    Orc (1/2) D:9
  Swamp: Lair:3-6    Shoals: Lair:3-6     Snake: Lair:3-6    Spider: Lair:3-6

Altars:
Ashenzari
Cheibriados
Dithmenos
Elyvilon
Fedhas
Gozag
Kikubaaqudgha
Makhleb
Nemelex Xobeh
Okawaru
Pakellas
Qazlal
Ru
Sif Muna
Trog
Vehumet
Xom
Yredelemnul
Zin
The Shining One

Annotations:
D:6 rock vault
Orc:1 !, Erica


Innate Abilities, Weirdness & Mutations

You do not eat or drink.
Your flesh is vulnerable to fire.
You are immune to poison.
Your flesh is cold resistant.
You are immune to negative energy.
You are immune to unholy pain and torment.
You can survive without breathing.


Message History

No such ability.
A minotaur comes into view. It is wielding a rod of inaccuracy.
The minotaur zaps a rod.
The narrow beam of energy misses you.
Press: ? - help, Shift-Dir - straight line, f - minotaur
Aim: a minotaur, wielding a rod of inaccuracy The bolt of fire hits the minotaur.
The minotaur is moderately wounded.
Press: ? - help, Shift-Dir - straight line, f/p - minotaur
Aim: a minotaur, wielding a rod of inaccuracy (moderately wounded)
The bolt of negative energy misses the minotaur.
The minotaur zaps a rod.
The narrow beam of energy misses you.
Fire/throw which item? (* to show all) (? for menu, Esc to quit)
Press: ? - help, Shift-Dir - straight line, f/p - minotaur
Aim: a minotaur, wielding a rod of inaccuracy (moderately wounded)
You throw a throwing net.
The throwing net completely misses the minotaur.
Fire/throw which item? (* to show all) (? for menu, Esc to quit)
Press: ? - help, Shift-Dir - straight line, f/p - minotaur
Aim: a minotaur, wielding a rod of inaccuracy (moderately wounded)
You throw a throwing net.
The throwing net closely misses the minotaur.
A demon appears!
It doesn't seem very happy.
The minotaur hits you with a rod of inaccuracy!!
The minotaur gores you!
A demon appears!
It doesn't seem very happy.
The minotaur hits you with a rod of inaccuracy!!
* * * LOW HITPOINT WARNING * * *
The minotaur gores you.
* * * LOW HITPOINT WARNING * * *
Evoke which item? (* to show all) (? for menu, Esc to quit)
Zapping:
g - a wand of heal wounds (5/9)
Press: ? - help, Shift-Dir - straight line, f - you, p - minotaur You feel much better.
This wand has 4 charges left.
The minotaur hits you with a rod of inaccuracy!!
* * * LOW HITPOINT WARNING * * *
The minotaur misses you. You block the cacodemon's attack.
The cacodemon hits you!
You die...

#. .. ..#.# ###
# ###.# # .
........ . ##
######..#.###
#.. ... ... . .#
#.#######..###.#
#..#... # .# .#
#.##2#2##.# ## #
#(..H@....#.
#.#######.#. # #
# #..#


You could see a cacodemon, a balrug and a minotaur.

Vanquished Creatures
  3 hydras
  2 hill giants
  An orc sorcerer (Orc:1)
  2 black mambas
  A rime drake (Lair:1)
  3 komodo dragons
  A troll (D:9)
  2 shadows (Lab)
  Sigmund (D:6)
  A wyvern (D:11)
  A redback (Lab)
  A spriggan (D:8)
  22 yaks
  2 basilisks (Lab)
  A steam dragon (D:9)
  A hippogriff (Lair:2)
  A hungry ghost (D:10)
  4 porcupines
  7 water moccasins
  7 orc warriors
  2 ice beasts
  A black bear (D:8)
  2 phantoms
  4 sky beasts
  10 ogres
  A centaur (D:6)
  A necrophage (D:8)
  5 crocodiles
  4 big kobolds
  10 giant frogs
  3 gnoll sergeants
  3 scorpions
  10 killer bees
  7 wights
  2 howler monkeys
  An electric eel (Lair:2)
  4 lava snakes (Lab)
  9 crimson imps
  7 hounds
  A giant frog zombie (D:9)
  2 centaur zombies
  A giant frog skeleton (D:8)
  4 jellies
  5 orc priests
  An orc wizard (D:8)
  A centaur skeleton (D:8)
  A gnoll shaman (D:4)
  Terence (D:3)
  8 iguanas
  8 worker ants
  9 sheep (D:11)
  A hound zombie (D:9)
  2 hound skeletons
  9 gnolls
  8 adders
  21 river rats
  A shadow imp (D:8)
  An ooze (D:3)
  An adder zombie (D:6)
  An adder skeleton (D:4)
  9 worms
  2 giant geckos
  43 orcs
  2 ball pythons
  2 bats (D:2)
  4 giant cockroaches
  5 hobgoblins
  12 jackals
  2 quokkas
  A giant gecko skeleton (D:6)
  3 giant newts
  7 goblins
  21 kobolds
  12 rats
  4 fungi
366 creatures vanquished.

Vanquished Creatures (collateral kills)
  Harold (Lair:3)
  A hydra (Lair:3)
  Fannar (Lair:3)
  A black mamba (Lair:3)
  A spiny frog (Lair:3)
  A hippogriff (Lair:3)
  A steam dragon (Lair:3)
  A river rat (Lair:3)
8 creatures vanquished.

Grand Total: 374 creatures vanquished

Notes
Turn   | Place    | Note
--------------------------------------------------------------
     0 | D:1      | glosham the Mummy Arcane Marksman began the quest for the Orb.
     0 | D:1      | Reached XP level 1. HP: 15/15 MP: 2/2
   296 | D:1      | Reached skill level 1 in Axes
   437 | D:1      | Reached XP level 2. HP: 19/21 MP: 3/3
   468 | D:1      | Found a sparkling altar of Nemelex Xobeh.
   631 | D:1      | Learned a level 1 spell: Corona
   803 | D:2      | Reached skill level 2 in Axes
   906 | D:2      | Reached XP level 3. HP: 23/26 MP: 4/4
  1812 | D:2      | Found a stormy altar of Qazlal.
  2175 | D:2      | Reached skill level 3 in Axes
  2175 | D:2      | Reached XP level 4. HP: 32/32 MP: 5/5
  2921 | D:3      | Noticed Terence
  2944 | D:3      | Killed Terence
  2988 | D:3      | Reached XP level 5. HP: 35/37 MP: 6/6
  3022 | D:3      | Reached skill level 4 in Axes
  3234 | D:4      | Found a staircase to the Ecumenical Temple.
  3376 | Temple   | Entered the Ecumenical Temple
  3391 | Temple   | Became a worshipper of Makhleb the Destroyer
  3411 | D:4      | Reached skill level 2 in Fighting
  3516 | D:4      | Reached skill level 3 in Fighting
  3560 | D:4      | Reached XP level 6. HP: 32/47 MP: 7/7
  4015 | D:5      | Entered Level 5 of the Dungeon
  4109 | D:5      | Reached skill level 5 in Axes
  4350 | D:5      | Noticed a sky beast
  4362 | D:5      | Killed a sky beast
  4362 | D:5      | Reached XP level 7. HP: 42/52 MP: 8/8
  4552 | D:5      | Reached * piety under Makhleb
  4561 | D:5      | Found a shadowy altar of Dithmenos.
  4564 | D:5      | Found a shimmering altar of Xom.
  4565 | D:5      | Found an opulent altar of Gozag.
  4565 | D:5      | Found a deep blue altar of Sif Muna.
  4565 | D:5      | Found a sparkling altar of Nemelex Xobeh.
  4566 | D:5      | Found an ancient bone altar of Kikubaaqudgha.
  4573 | D:5      | Found a snail-covered altar of Cheibriados.
  4575 | D:5      | Found a white marble altar of Elyvilon.
  4576 | D:5      | Found an oddly glowing altar of Pakellas.
  4639 | D:6      | Reached skill level 6 in Axes
  4707 | D:6      | Reached skill level 1 in Armour
  4758 | D:6      | Reached XP level 8. HP: 53/58 MP: 9/9
  4834 | D:6      | Noticed Sigmund
  4853 | D:6      | Killed Sigmund
  4853 | D:6      | Reached skill level 7 in Axes
  4853 | D:6      | Reached skill level 2 in Armour
  5531 | D:6      | Found a bloodstained altar of Trog.
  5850 | D:7      | Reached skill level 8 in Axes
  6448 | D:7      | Reached ** piety under Makhleb
  6458 | D:7      | Reached skill level 9 in Axes
  6458 | D:7      | Reached XP level 9. HP: 57/64 MP: 10/10
  6780 | D:7      | Reached skill level 4 in Fighting
  7276 | D:8      | Reached skill level 10 in Axes
  7555 | D:8      | Reached *** piety under Makhleb
  7825 | D:8      | Reached skill level 1 in Invocations
  7957 | D:8      | Reached skill level 2 in Invocations
  8175 | D:8      | Reached skill level 3 in Invocations
  8204 | D:8      | Reached XP level 10. HP: 73/73 MP: 12/12
  8329 | D:9      | Found a sacrificial altar of Ru.
  8377 | D:9      | Reached skill level 4 in Invocations
  8615 | D:9      | Found a staircase to the Orcish Mines.
  8827 | D:8      | Reached skill level 5 in Invocations
  8908 | D:9      | Reached skill level 5 in Fighting
  9158 | D:9      | Reached **** piety under Makhleb
  9162 | D:9      | Reached skill level 6 in Fighting
  9212 | D:10     | Entered Level 10 of the Dungeon
  9619 | D:10     | Got a crude leather armour
  9620 | D:10     | Identified the cursed +1 leather armour of the Grue {rC++ MR+ Regen+ Stlth-} (You found it on level 10 of the Dungeon)
  9769 | D:10     | Reached skill level 7 in Fighting
  9845 | D:10     | Noticed a hill giant
  9861 | D:10     | Killed a hill giant
 10005 | D:10     | Reached skill level 8 in Fighting
 10123 | D:10     | Reached skill level 9 in Fighting
 10254 | D:10     | Reached ***** piety under Makhleb
 10585 | D:11     | Reached XP level 11. HP: 89/89 MP: 15/15
 10717 | D:11     | Found a staircase to the Lair.
 10999 | D:11     | Noticed a hill giant
 11023 | D:11     | Killed a hill giant
 11023 | D:11     | Reached skill level 2 in Dodging
 11023 | D:11     | Reached skill level 6 in Invocations
 11403 | Orc:1    | Entered Level 1 of the Orcish Mines
 11403 | Orc:1    | Noticed an orc sorcerer
 11413 | Orc:1    | Killed an orc sorcerer
 11623 | Orc:1    | Reached skill level 3 in Dodging
 11634 | Orc:1    | Noticed Erica
 11656 | Orc:1    | Reached skill level 7 in Invocations
 11761 | Lair:1   | Entered Level 1 of the Lair of Beasts
 11953 | Lair:1   | Got a twisted rapier
 11954 | Lair:1   | Identified the +11 rapier of glosham's Evisceration {holy, MR- Str-5 Dex+10 Stlth+} (You found it on level 1 of the Lair of Beasts)
 12057 | Lair:1   | Noticed a four-headed hydra
 12065 | Lair:1   | Noticed a balrug
 12327 | Lair:1   | Noticed a six-headed hydra
 12336 | Lair:1   | Killed a six-headed hydra
 12336 | Lair:1   | Reached skill level 8 in Invocations
 12452 | Lair:1   | Reached skill level 4 in Dodging
 12666 | Lair:2   | Noticed a six-headed hydra
 12679 | Lair:2   | Killed a six-headed hydra
 12680 | Lair:2   | Upgraded the game from 0.18-a0-1443-ge8f1551 to 0.18-a0-1468-gaf180a1
 12704 | Lair:1   | Killed a four-headed hydra
 12704 | Lair:1   | Reached skill level 9 in Invocations
 13423 | Lair:2   | Reached XP level 12. HP: 91/95 MP: 18/18
 13436 | Lair:2   | Reached skill level 5 in Dodging
 13789 | Lair:3   | Noticed Harold
 13791 | Lair:3   | Noticed a cacodemon
 13798 | Lair:3   | Killed Harold
 13798 | Lair:3   | Reached skill level 10 in Fighting
 13799 | Lair:3   | Noticed Fannar
 13804 | Lair:3   | Killed Fannar
 13843 | Lair:3   | Noticed a seven-headed hydra
 13846 | Lair:3   | Killed a seven-headed hydra
 13958 | Lair:3   | Found a labyrinth entrance.
 13967 | Lab      | Entered a labyrinth
 14026 | Lab      | Reached skill level 10 in Invocations
 14157 | Lab      | Noticed a minotaur
 14162 | Lab      | Noticed a cacodemon
 14163 | Lab      | Noticed a balrug
 14163 | Lab      | HP: 7/96 [minotaur/rod of inaccuracy (22)]
 14164 | Lab      | HP: 3/98 [minotaur/rod of inaccuracy (20)]
 14164 | Lab      | Mangled by a cacodemon

Vault maps used:
D:1:      dpeg_arrival_tiny_d, minivault_27, nemelex_deck
D:2:      overflow_temple_1_default
D:3:      uniq_terence
D:4:      temple_pool_b, hex_tiny
D:5:      minitemple, first_bread, grunt_decor_cap
D:6:      lightli_temple_of_fire, item_on_display_a, uniq_sigmund
D:8:      the_bakery, serial_park_tiny_pond
D:9:      kennysheep_mini_moat, kennysheep_orc_monster_closet_entryway,
          hangedman_decor_slide_cut
D:11:     minmay_lair_entry_grove
Temple:   temple_eino_lava_8
Lair:2:   st_stairs_13, grunt_megastairs_4, infiniplex_staircase_pool
Lair:3:   lab_entry_generic, columned_hall_lemuel, guppyfry_lair_drakes,
          uniq_fannar, uniq_harold, uniq_snorg
Orc:1:    lemuel_ogre_cave, guppyfry_orc_lava_fort, uniq_erica, uniq_josephine
Lab:      labyrinth_mini_lab, nicolae_lab_t_cross, nicolae_lab_arrow,
          labyrinth_skeletal_remains, nicolae_lab_flowing_pool,
          nicolae_lab_statue, lab_block, nicolae_lab_dead_end, nicolae_lab_lava,
          nicolae_lab_checkerboard, labyrinth_lava_lair, nicolae_lab_stuck,
          nicolae_lab_plus, nicolae_lab_starburst, nicolae_lab_x

Skill      XL: |  1  2  3  4  5  6  7  8  9 10 11 12 |
---------------+-------------------------------------+-----
Axes           | 1 2 3 4 5 6 9 10 | 10.5
Fighting       | 3 4 9 10 | 10.4
Armour         | 1 2 |  2.2
Invocations    | 3 5 9 10 | 10.0
Dodging        | 4 5 |  5.5
Throwing       | |  1.5
Spellcasting   | |  1.0
Hexes          | |  2.6

Action                   |  1- 3 |  4- 6 |  7- 9 | 10-12 || total
-------------------------+-------+-------+-------+-------++-------
Melee: Hand axe          |   230 |   197 |     8 |       ||   435
       War axe           |       |    32 |   364 |   677 ||  1073
 Fire: Blowgun           |       |       |       |    47 ||    47
Throw: Javelin           |     4 |     8 |    21 |       ||    33
       Throwing net      |       |     2 |       |     2 ||     4
       Tomahawk          |       |       |    17 |       ||    17
       Stone             |       |       |     9 |       ||     9
 Cast: Corona            |       |     1 |       |       ||     1
Invok: Minor Destruction |       |       |    16 |   106 ||   122
       Lesser Servant of |       |       |       |     1 ||     1
       Major Destruction |       |       |       |    21 ||    21
       Greater Servant o |       |       |       |     6 ||     6
Evoke: Deck              |       |       |     1 |       ||     1
       Lamp of fire      |       |       |       |     1 ||     1
       Wand              |       |       |       |     1 ||     1
  Use: Scroll            |    11 |     7 |     4 |    10 ||    32
 Stab: Sleeping          |     8 |     1 |     1 |       ||    10

Table legend:
 A = Turns spent in this place as a percentage of turns spent in the entire game.
 B = Non-inter-level travel turns spent in this place as a percentage of non-inter-level travel turns spent in the entire game.
 C = Inter-level travel turns spent in this place as a percentage of turns spent in this place.
 D = Turns resting spent in this place as a percentage of non-inter-level travel turns spent in this place.
 E = Turns spent auto-exploring this place as a percentage of non-inter-level travel turns spent in this place.
 F = Non-inter-level travel turns spent in this place divided by the number of levels of this place that you've seen.
                   A       B       C       D       E      F
               +-------+-------+-------+-------+-------+----------------------
         Total | 100.0 | 100.0 |   0.5 |   0.9 |   0.2 | 538.6
       Dungeon |  75.1 |  75.1 |   0.5 |   1.1 |   0.2 | 624.8
        Temple |   0.3 |   0.3 |   3.4 |   7.1 |   3.6 |  28.0
          Lair |  20.4 |  20.4 |   0.5 |   0.1 |   0.2 | 622.7
  Orcish Mines |   2.1 |   2.1 |   0.0 |   0.0 |   0.0 | 194.0
     Labyrinth |   2.1 |   2.1 |   0.0 |   2.1 |   0.0 | 193.0
               +-------+-------+-------+-------+-------+----------------------

Table legend:
 A = Kills in this place as a percentage of kills in entire the game.
 B = Kills by you in this place as a percentage of kills by you in the entire game.
 C = Kills by friends in this place as a percentage of kills by friends in the entire game.
 D = Other kills in this place as a percentage of other kills in the entire game.
 E = Experience gained in this place as a percentage of experience gained in the entire game.
 F = Experience gained in this place divided by the number of levels of this place that you have seen.
                   A       B       C       D       E      F
               +-------+-------+-------+-------+-------+----------------------
         Total | 100.0 | 100.0 | 100.0 |  -nan | 100.0 | 1673.9
       Dungeon |  75.4 |  77.1 |   0.0 |  -nan |  46.6 | 1204.6
          Lair |  18.9 |  17.1 | 100.0 |  -nan |  45.6 | 4323.7
  Orcish Mines |   3.2 |   3.3 |   0.0 |  -nan |   3.5 | 1009.0
     Labyrinth |   2.4 |   2.5 |   0.0 |  -nan |   4.3 | 1226.0
               +-------+-------+-------+-------+-------+----------------------

Vault maps used:
D:1:      dpeg_arrival_tiny_d, minivault_27, nemelex_deck
D:2:      overflow_temple_1_default
D:3:      uniq_terence
D:4:      temple_pool_b, hex_tiny
D:5:      minitemple, first_bread, grunt_decor_cap
D:6:      lightli_temple_of_fire, item_on_display_a, uniq_sigmund
D:8:      the_bakery, serial_park_tiny_pond
D:9:      kennysheep_mini_moat, kennysheep_orc_monster_closet_entryway,
          hangedman_decor_slide_cut
D:11:     minmay_lair_entry_grove
Temple:   temple_eino_lava_8
Lair:2:   st_stairs_13, grunt_megastairs_4, infiniplex_staircase_pool
Lair:3:   lab_entry_generic, columned_hall_lemuel, guppyfry_lair_drakes,
          uniq_fannar, uniq_harold, uniq_snorg
Orc:1:    lemuel_ogre_cave, guppyfry_orc_lava_fort, uniq_erica, uniq_josephine
Lab:      labyrinth_mini_lab, nicolae_lab_t_cross, nicolae_lab_arrow,
          labyrinth_skeletal_remains, nicolae_lab_flowing_pool,
          nicolae_lab_statue, lab_block, nicolae_lab_dead_end, nicolae_lab_lava,
          nicolae_lab_checkerboard, labyrinth_lava_lair, nicolae_lab_stuck,
          nicolae_lab_plus, nicolae_lab_starburst, nicolae_lab_x
